Map: Ruins of Endion

Players

Fernando - Winner!

  • Race: Terran Terran
  • League: Gold
  • Spawn Location: 5:00

Fropez

  • Race: Protoss Protoss
  • League: Silver
  • Spawn Location: 7:00

VOD

Have the link to the VOD?

Description

Time

  • Played on: June 1, 2016, 4:10 p.m.
  • Length: 5:42
Show
View Real Time Build Order
Export as new Build Order

Fernando Terran - Winner!

Build Orders:  

Get SALT Encoding   

  12  0:01  SCV  
  13  0:13  SCV  
  14  0:22  Supply Depot  
  14  0:25  SCV  
  15  0:46  SCV, Barracks  
  16  0:50  Refinery  
  16  0:58  SCV  
  17  1:10  SCV  
  18  1:14  Barracks  
  18  1:22  SCV  
  19  1:34  SCV  
  19  1:35  Marine  
  21  1:49  Refinery  
  21  2:03  SCV, Factory  
  21  2:05  Marine  
  23  2:11  Supply Depot  
  23  2:15  Orbital Command  
  23  2:25  Barracks Reactor  
  23  2:27  Barracks Tech Lab  
  23  2:32  Barracks Reactor  
  23  2:41  SCV  
  24  2:48  Starport  
  24  2:51  Widow Mine  
  26  3:00  SCV  
  26  3:02  Marauder  
  29  3:08  Marine x2  
  31  3:16  SCV  
  31  3:19  Widow Mine  
  32  3:20  Engineering Bay  
  32  3:27  Marine x2  
  33  3:28  SCV  
  33  3:31  Medivac  
  38  3:41  Supply Depot  
  38  4:02  Widow Mine  
  40  4:12  Medivac  
  40  4:14  Marauder  
  40  4:15  Marine x2  
  44  4:57  Marine x3  
  47  5:00  Factory Tech Lab  
  47  5:02  Medivac  
  49  5:14  Marine  
  49  5:15  Marine, Marauder  
  53  5:26  Barracks  
  54  5:40  Supply Depot  
Show
View Real Time Build Order
Export as new Build Order

Fropez Protoss 

Build Orders:  

Get SALT Encoding   

  12  0:01  Probe (Chrono Boost)  
  13  0:14  Pylon  
  13  0:18  Probe (Chrono Boost)  
  14  0:32  Gateway  
  14  0:36  Probe (Chrono Boost)  
  15  0:46  Probe (Chrono Boost), Assimilator  
  16  0:57  Probe (Chrono Boost)  
  17  1:06  Pylon  
  18  1:11  Probe (Chrono Boost)  
  18  1:15  Pylon  
  18  1:22  Probe (Chrono Boost)  
  19  1:26  Cybernetics Core  
  19  1:32  Assimilator  
  19  1:35  Probe (Chrono Boost)  
  20  1:46  Probe (Chrono Boost)  
  22  2:04  Mothership Core (Chrono Boost)  
  22  2:05  Gateway, Warp Gate (Chrono Boost)  
  23  2:12  Pylon  
  23  2:22  Probe (Chrono Boost)  
  24  2:25  Gateway  
  24  2:33  Probe  
  24  2:45  Probe  
  25  2:52  Pylon  
  25  2:54  Stalker  
  25  2:57  Probe  
  28  3:02  Stalker  
  30  3:09  Probe  
  31  3:13  Stalker  
  33  3:24  Probe  
  34  3:27  Stalker  
  36  3:36  Twilight Council, Probe  
  37  3:49  Probe  
  38  4:01  Probe  
  39  4:04  Forge  
  39  4:07  Pylon  
  39  4:09  Stalker  
  41  4:13  Probe, Stalker  
  44  4:25  Probe  
  45  4:38  Probe  
  36  4:53  Probe  
  37  5:02  Robotics Facility  
  37  5:05  Pylon, Probe  
  31  5:18  Probe  
Tags
 
Matchup
PvT
Replay Pack
All Mines
Spawn Locations
Close Positions
Add a new tag
Caveats
  • Supply blocks, unpowered buildings, or Contaminate may cause inaccurate times.
  • Supply counts are checked every 10 seconds.